 Dungeon Crawl Stone Soup version 0.28-a0-1286-g6bde065e89 (webtiles) character file.

Game seed: 13676133631378024428

7704 Zonian the Zephyrmancer (level 11, -6/48 HPs)
             Began as a Tengu Air Elementalist on Dec 26, 2021.
             Was a Plaything of Xom.
             Mangled by a red devil (18 damage)
             ... summoned by a kobold demonologist
             ... on level 10 of the Dungeon.
             The game lasted 00:44:45 (20763 turns).

Zonian the Zephyrmancer (Tengu Air Elementalist)   Turns: 20763, Time: 00:44:45

Health: -6/48      AC:  8    Str: 13      XL:     11   Next: 19%
Magic:  10/19      EV: 18    Int: 11      God:    Xom [*.....]
Gold:   1804       SH:  0    Dex: 15 (17) Spells: 1/22 levels left

rFire   . . .      SeeInvis .   t - staff of air
rCold   + . .      Faith    .   (no shield)
rNeg    . . .      Spirit   .   v - +3 leather armour {rC+}
rPois   .          Reflect  .   (helmet restricted)
rElec   +          Harm     .   n - scarf {shadows}
rCorr   .          Rampage  .   (no gloves)
Will    .....      Clarity  +   (boots unavailable)
Stlth   +++.......              h - amulet of magic regeneration
HPRegen 0.16/turn               D - +4 ring of protection
MPRegen 0.56/turn               (no ring)

@: spiked, flying quickly and evasively, unable to read, quick
A: beak, talons 3, nimble flight, clarity, deformed body, dopey 2, frail 1, low
mp 1, screaming 1, strong 1, inability to read while threatened
a: Renounce Religion


You were on level 10 of the Dungeon.
You worshipped Xom.
You were a special plaything of Xom.
You visited 1 branch of the dungeon, and saw 10 of its levels.
You also visited: Ossuary and Bailey.

You collected 2311 gold pieces.
You spent 507 gold pieces at shops.

Inventory:

Hand Weapons
 c - a +0 short sword
 d - a +5 vampiric rapier
 E - a +1 fustibalus of freezing
Missiles
 f - 26 boomerangs
 k - 8 datura-tipped darts
 p - 14 sling bullets
 H - 71 poisoned darts
 I - 3 curare-tipped darts
Armour
 a - a +2 robe
 n - a scarf of shadows (worn)
 v - a +3 leather armour of cold resistance (worn)
 A - the +0 chain mail "Ylerphoob" {rN+ Will+}
   (You took it off an orc warrior in a bailey)

   rN:        It protects you from negative energy.
   Will:      It increases your willpower.
Magical Staves
 t - a staff of air (weapon)
Jewellery
 h - an amulet of magic regeneration (around neck)
 i - an amulet of reflection
 D - a +4 ring of protection (left hand)
Wands
 e - a wand of iceblast (14)
 m - a wand of digging (6)
 s - a wand of polymorph (5)
 C - a wand of flame (7)
Scrolls
 b - 3 scrolls of blinking
 j - 7 scrolls of teleportation
 x - 4 scrolls of enchant armour
 y - 3 scrolls of amnesia
 B - a scroll of fear
 F - a scroll of magic mapping
Potions
 g - a potion of attraction
 l - 2 potions of might
 o - a potion of lignification
 r - a potion of brilliance
 u - 2 potions of resistance
 w - a potion of ambrosia
 z - a potion of berserk rage
 L - a potion of degeneration


   Skills:
 - Level 0.3 Fighting
 - Level 1.9 Staves
 - Level 3.0 Armour
 + Level 7.6 Dodging
 + Level 7.6 Stealth
 + Level 6.4 Spellcasting
 + Level 8.7 Conjurations
 + Level 1.4 Summonings
 + Level 9.6 Air Magic
 + Level 4.1 Poison Magic
 + Level 5.5 Evocations


You had one spell level left.
You knew the following spells:

 Your Spells              Type           Power      Damage    Failure   Level
a - Shock                 Conj/Air       100%       1d9       1%          1
b - Static Discharge      Conj/Air       35%        N/A       1%          2
c - Swiftness             Air            37%        N/A       1%          3
d - Airstrike             Air            18%        N/A       4%          4
e - Poisonous Vapours     Pois/Air       56%        N/A       1%          2
f - Lightning Bolt        Conj/Air       17%        1d32      16%         5
g - Summon Lightning Spi  Summ/Air       23%        N/A       24%         4

Your spell library contained the following spells:

 Spells                   Type           Power      Damage    Failure   Level
 Summon Small Mammal      Summ           24%        N/A       13%         1
 Freeze                   Ice            12%        1d4       24%         1
 Corpse Rot               Necr/Air       42%        N/A       4%          2
 Stone Arrow              Conj/Erth      26%        3d8       12%         3
 Call Canine Familiar     Summ           6%         N/A       36%         3
 Hailstorm                Conj/Ice       13%        3d5       36%         4
 Summon Guardian Golem    Hex/Summ       5%         N/A       47%         3
 Frozen Ramparts          Ice            6%         1d2       56%         3
 Ozocubu's Armour         Ice            3%         N/A       56%         3
 Conjure Ball Lightning   Conj/Air       17%        3x3d6     63%         6
 Animate Armour           Summ/Erth      10%        N/A       87%         4
 Animate Dead             Necr           1%         N/A       93%         4
 Leda's Liquefaction      Hex/Erth       1%         N/A       93%         4
 Iron Shot                Conj/Erth      6%         9d2       99%         6
 Blade Hands              Tmut           1%         N/A       100%        5
 Borgnjor's Vile Clutch   Necr/Erth      1%         N/A       100%        5
 Lee's Rapid Deconstruct  Erth           1%         3d5*      100%        5
 Death Channel            Necr           1%         N/A       100%        6
 Statue Form              Tmut/Erth      2%         N/A       100%        6
 Ozocubu's Refrigeration  Ice            1%         4d5       100%        7
 Discord                  Hex            1%         N/A       100%        8
 Disjunction              Tloc           1%         N/A       100%        8
 Lehudib's Crystal Spear  Conj/Erth      6%         10d3      100%        8


Dungeon Overview and Level Annotations

Branches:
Dungeon (10/15)            Temple (0/1) D:6            Lair (0/6) D:10
Ossuary (visited)          Bailey (visited)
    Orc: D:9-12

Altars:
Cheibriados
Fedhas
Gozag
Qazlal
Ru
Uskayaw
Xom
Zin
The Shining One

Shops:
D:4 *

Annotations:
D:2 1 runed translucent door, Crazy Yiuf
D:3 Grinder, Sigmund


Innate Abilities, Weirdness & Mutations

You have a beak for a mouth.
You have claws for feet.
Your magical nature lets you fly swiftly and evasively.
You possess an exceptional clarity of mind.
Armour fits poorly on your strangely shaped body.
You are very dopey. (Int -4)
You are frail. (-10% HP)
Your magical capacity is low. (-10% MP)
You occasionally shout uncontrollably at your foes.
Your muscles are strong. (Str +2)
You sometimes lose the ability to read scrolls when taking damage.


Message History

Really attack your butterfly?
Okay, then.
There are monsters nearby!
You cannot read scrolls in your current state!
Unknown command.
Okay, then.
Casting: Static Discharge (safe; 1% risk of failure)
Confirm with . or Enter, or press ? or * to list all spells.
Aiming: Airstrike (dangerous; 4% risk of failure)
Press: ? - help, Dir - move target, f - kobold demonologist
Aim: a kobold demonologist, wielding a +0 dagger and wearing a +0 robe (moderately wounded, empty space bonus: 0/8)
You feel a surge of power!
The air twists around and strikes the kobold demonologist!
The kobold demonologist is heavily wounded.
The rust devil misses you.
The kobold demonologist hits you but does no damage.
The red devil hits you but does no damage.
The kobold demonologist barely misses you.
Casting: Airstrike (dangerous; 4% risk of failure)
Confirm with . or Enter, or press ? or * to list all spells.
You feel a surge of power! Really attack your butterfly?
Okay, then.
Okay, then.
There are monsters nearby!
Unknown command.
Okay, then.
You cannot read scrolls in your current state!
Unknown command.
Aiming: Mindburst
Press: ? - help, Shift-Dir - straight line, f/p - kobold demonologist
Aim: a kobold demonologist, wielding a +0 dagger and wearing a +0 robe (heavily wounded, chance to affect: 69%)
The kobold demonologist's mind is blasted!!
You blow up the kobold demonologist!
The rust devil disappears in a puff of smoke!
The now-empty wand crumbles to dust.
The kobold demonologist completely misses you.
The red devil hits you from afar with a +0 trident!!
You die...
Xom laughs nastily!

#....# #....#
#.##.# #.##.#
#....# #....#
#.##.#
#############.##.#
..:K.K@54........#
.#..###Kb.##.....#
.. ...K5..##.....#
K.KKK.........#
################


You could see a kobold demonologist, a red devil (summoned, ally target), 2
kobold brigands, an iron imp (summoned), an ufetubus (summoned) and a kobold.

Vanquished Creatures
  Pikel (D:6)
  A kobold demonologist (D:10)
  3 trolls
  2 hornets (D:9)
  5 yaks (D:9)
  A wyvern (D:8)
  A steam dragon (D:8)
  Menkaure (D:7)
  4 orc warriors
  An ice beast (D:7)
  A hornet zombie (Ossuary)
  A black bear (D:7)
  3 ogres
  2 necrophages (D:6)
  3 wolves (D:10)
  2 centaurs
  2 lemures (D:6)
  7 kobold brigands
  6 bullfrogs
  A wyvern zombie (Ossuary)
  4 scorpions
  A water moccasin zombie (Ossuary)
  A water moccasin skeleton (D:6)
  6 killer bees (D:8)
  3 electric eels (D:10)
  2 howler monkeys
  2 bullfrog zombies (Ossuary)
  7 crimson imps
  3 centaur zombies
  8 hounds
  2 gnoll shamans (D:6)
  2 orc priests (D:8)
  2 jellies
  Jessica (D:3)
  4 iguanas
  5 orc wizards
  A killer bee zombie (Ossuary)
  18 mummies (Ossuary)
  2 howler monkey zombies
  16 gnolls
  7 adders
  5 white imps
  An ufetubus (D:6)
  An adder skeleton (D:5)
  3 dart slugs
  17 orcs
  7 ball pythons
  8 endoplasms
  5 giant cockroaches
  17 goblins
  8 hobgoblins
  4 quokkas
  3 bats
  4 frilled lizards
  31 kobolds
  4 rats
263 creatures vanquished.

Vanquished Creatures (collateral kills)
  A necrophage (D:5)
  A hound zombie (D:5)
  An adder (D:5)
  2 gnolls (D:4)
  A worm (D:2)
6 creatures vanquished.

Vanquished Creatures (others)
  A kobold brigand (Bailey)
  A kobold (D:8)
  9 withered plants (Ossuary)
11 creatures vanquished.

Grand Total: 280 creatures vanquished

Notes
Turn   | Place    | Note
-------+----------+-------------------------------------------
     0 | D:1      | Zonian the Tengu Air Elementalist began the quest for the
                  | Orb.
     0 | D:1      | Reached XP level 1. HP: 10/10 MP: 4/4
  1011 | D:1      | Reached XP level 2. HP: 15/15 MP: 3/6
  1485 | D:1      | Found a faded altar of an unknown god.
  1508 | D:1      | Reached XP level 3. HP: 16/19 MP: 7/7
  1518 | D:1      | Prayed at the altar of an unknown god.
  1518 | D:1      | Became a worshipper of Xom of Chaos
  2182 | D:1      | XOM: god gift: 22 stones
  2223 | D:1      | XOM: cloud trail
  2344 | D:2      | XOM: fog
  2751 | D:2      | XOM: god gift: 16 stones
  2787 | D:2      | Found a runed translucent door.
  2788 | D:2      | Noticed Crazy Yiuf
  2902 | D:2      | Reached XP level 4. HP: 24/24 MP: 5/8
  3608 | D:2      | Learned a level 2 spell: Static Discharge
  3612 | D:2      | Learned a level 3 spell: Swiftness
  3653 | D:2      | XOM: 9-stop teleportation journey
  3977 | D:2      | XOM: summons 3 hostile demons
  4161 | D:2      | XOM: summons 3 hostile demons
  4162 | D:2      | Noticed an ice devil
  4654 | D:3      | Noticed Jessica
  4657 | D:3      | Killed Jessica
  4972 | D:3      | Gained mutation: Your magical nature lets you fly swiftly
                  | and evasively. [Tengu growth]
  4972 | D:3      | Reached XP level 5. HP: 23/28 MP: 4/10
  5125 | D:3      | Found a stormy altar of Qazlal.
  5125 | D:3      | XOM: 5-stop teleportation journey
  5684 | D:3      | Noticed Sigmund
  5735 | D:3      | Noticed Grinder
  5736 | D:3      | Paralysed by Grinder for 3 turns
  6374 | D:3      | XOM: give mutations
  6374 | D:3      | Gained mutation: You are strong-willed. (Will+) [Xom's
                  | grace]
  6374 | D:3      | Gained mutation: You are partially covered in iridescent
                  | scales. (AC +2) [Xom's grace]
  6374 | D:3      | Gained mutation: You possess an exceptional clarity of
                  | mind. [Xom's grace]
  6374 | D:3      | Gained mutation: You have a pair of small horns on your
                  | head. [Xom's grace]
  6641 | D:4      | Reached skill level 5 in Air Magic
  6724 | D:4      | Found a hide-covered altar of Uskayaw.
  7035 | D:4      | Reached XP level 6. HP: 32/32 MP: 8/11
  7091 | D:4      | XOM: scenery: 3 doors open
  7130 | D:4      | XOM: cloud trail
  7310 | D:4      | XOM: divination: detect creatures
  7387 | D:4      | Found Konuriha's General Store.
  7406 | D:4      | Bought a scroll of teleportation for 39 gold pieces
  7412 | D:4      | Bought a scarf of shadows for 156 gold pieces
  7475 | D:4      | XOM: noise
  7501 | D:4      | XOM: give mutations
  7501 | D:4      | Gained mutation: You expend magic power (3 MP) to
                  | strengthen your wands. [Xom's grace]
  7501 | D:4      | Gained mutation: You are mostly covered in iridescent
                  | scales. (AC +4) [Xom's grace]
  7501 | D:4      | Gained mutation: You are agile. (Dex +2) [Xom's grace]
  7572 | D:4      | Found a snail-covered altar of Cheibriados.
  7572 | D:4      | Found an opulent altar of Gozag.
  7629 | D:4      | Found a glowing silver altar of Zin.
  7651 | D:4      | XOM: summons friendly iron imp
  7907 | D:5      | Entered Level 5 of the Dungeon
  7907 | D:5      | Noticed a necrophage
  7945 | D:5      | XOM: cast spell 'Monstrous Menagerie'
  7948 | D:5      | Killed a necrophage
  7949 | D:5      | Reached XP level 7. HP: 36/36 MP: 9/13
  8066 | D:5      | Learned a level 4 spell: Airstrike
  8198 | D:5      | XOM is BORED!
  8198 | D:5      | XOM: give mutation
  8198 | D:5      | Gained mutation: Your body sometimes deteriorates upon
                  | taking damage. [Xom's mischief]
  8417 | D:5      | Reached skill level 6 in Air Magic
  8753 | D:5      | XOM: stat loss: -1 Str (9/10)
  8801 | D:5      | XOM: summons 1 hostile demon
  9112 | D:6      | Reached skill level 5 in Conjurations
  9121 | D:6      | XOM: chaos cloud
  9153 | D:6      | Reached XP level 8. HP: 41/41 MP: 6/14
  9268 | D:6      | Found a staircase to the Ecumenical Temple.
  9297 | D:6      | Reached skill level 1 in Staves
  9481 | D:6      | Noticed Pikel
  9481 | D:6      | XOM: 3-stop teleportation journey
  9529 | D:6      | XOM: summons 3 hostile demons
  9723 | D:6      | Reached skill level 1 in Evocations
  9891 | D:6      | XOM: stat loss: -1 Str (10/11)
 10162 | D:6      | XOM: silly message
 10250 | D:6      | Reached skill level 5 in Dodging
 10402 | D:6      | XOM: potion effect (invisibility)
 10404 | D:6      | Killed Pikel
 10405 | D:6      | Reached skill level 5 in Stealth
 10405 | D:6      | Reached skill level 7 in Air Magic
 10535 | D:6      | Reached XP level 9. HP: 43/45 MP: 10/16
 11055 | D:7      | Identified a scroll of acquirement
 11055 | D:7      | Acquired 949 gold pieces
 11147 | D:4      | Bought a +3 leather armour of cold resistance for 312 gold
                  | pieces
 11248 | D:7      | XOM: cast spell 'Leda's Liquefaction'
 11314 | D:7      | XOM: give mutations
 11314 | D:7      | Gained mutation: Your body often deteriorates upon taking
                  | damage. [Xom's mischief]
 11314 | D:7      | Gained mutation: You are dopey. (Int -2) [Xom's mischief]
 11314 | D:7      | Gained mutation: You are frail. (-10% HP) [Xom's mischief]
 11748 | D:7      | Noticed Menkaure
 11834 | D:7      | Reached skill level 1 in Armour
 11852 | D:7      | Learned a level 2 spell: Poisonous Vapours
 11914 | D:7      | XOM is BORED!
 12106 | D:7      | XOM: summons 4 hostile demons
 12384 | D:7      | Reached skill level 5 in Spellcasting
 12733 | D:7      | Reached skill level 1 in Poison Magic
 12799 | D:7      | XOM: give mutations
 12799 | D:7      | Lost mutation: You are agile. (Dex +2) [Xom's mischief]
 12799 | D:7      | Lost mutation: You expend magic power (3 MP) to strengthen
                  | your wands. [Xom's mischief]
 13132 | D:7      | Killed Menkaure
 13382 | D:7      | XOM: silly message
 13602 | D:8      | XOM: blink monster(s)
 13663 | D:8      | XOM: divination: detect creatures
 13707 | D:8      | XOM: noise
 13806 | D:8      | Found a sand-covered staircase.
 13811 | Ossuary  | Entered an ossuary
 13854 | Ossuary  | Reached skill level 8 in Air Magic
 14148 | Ossuary  | XOM: enchant monster (bad)
 14278 | Ossuary  | Reached XP level 10. HP: 45/45 MP: 16/19
 14428 | Ossuary  | Acquired a +1 fustibalus of freezing
 14616 | Ossuary  | XOM is BORED!
 14785 | D:8      | XOM: smoke on damage
 14835 | D:8      | XOM: divination: detect creatures
 14930 | D:8      | XOM: cast spell 'Summon Small Mammal'
 14932 | D:8      | XOM: potion effect (invisibility)
 15030 | D:8      | XOM: potion effect (haste)
 15177 | D:8      | XOM: 3-stop teleportation journey
 15179 | D:8      | Found a sacrificial altar of Ru.
 15701 | D:8      | XOM: noise
 15799 | D:8      | XOM: give mutation
 15799 | D:8      | Lost mutation: You have a pair of small horns on your head.
                  | [Xom's mischief]
 15869 | D:7      | XOM: noise
 15871 | D:7      | XOM: stat loss: -1 Int (12/13)
 15949 | D:7      | XOM: give mutation
 15949 | D:7      | Lost mutation: Your body often deteriorates upon taking
                  | damage. [Xom's mischief]
 16388 | D:8      | Learned a level 5 spell: Lightning Bolt
 16683 | D:8      | XOM: give mutations
 16683 | D:8      | Gained mutation: Your body often deteriorates upon taking
                  | damage. [Xom's mischief]
 16683 | D:8      | Lost mutation: You are strong-willed. (Will+) [Xom's
                  | mischief]
 16683 | D:8      | Lost mutation: You are mostly covered in iridescent scales.
                  | (AC +4) [Xom's mischief]
 16788 | D:9      | XOM: summons 6 hostile demons
 16789 | D:9      | Noticed a smoke demon
 16789 | D:9      | Noticed an orange demon
 16793 | D:9      | Found a glowing golden altar of the Shining One.
 16912 | D:9      | Found a shimmering altar of Xom.
 16917 | D:9      | XOM: give mutations
 16917 | D:9      | Lost mutation: You are partially covered in iridescent
                  | scales. (AC +2) [Xom's mischief]
 16917 | D:9      | Gained mutation: You are very dopey. (Int -4) [Xom's
                  | mischief]
 16917 | D:9      | Gained mutation: Armour fits poorly on your strangely
                  | shaped body. [Xom's mischief]
 16917 | D:9      | Lost mutation: Armour fits poorly on your strangely shaped
                  | body. [Xom's mischief]
 16973 | D:9      | Found a flagged portal.
 16985 | Bailey   | XOM: stealth player
 16985 | Bailey   | Entered a bailey
 16994 | Bailey   | XOM: summons 4 hostile shadow creatures
 17027 | Bailey   | XOM: blink monster(s)
 17030 | Bailey   | XOM: enchant monster (bad)
 17042 | Bailey   | XOM: 1-stop teleportation journey
 17138 | Bailey   | XOM: 1-stop teleportation journey
 17589 | Bailey   | Reached skill level 9 in Air Magic
 17618 | Bailey   | Identified the +0 chain mail "Ylerphoob" {rN+ Will+}
 17876 | Bailey   | Found an iron altar of Okawaru.
 18020 | D:9      | XOM: silly message
 18145 | D:9      | XOM: give mutations
 18145 | D:9      | Lost mutation: You are very dopey. (Int -4) [Xom's
                  | mischief]
 18145 | D:9      | Lost mutation: Your body often deteriorates upon taking
                  | damage. [Xom's mischief]
 18145 | D:9      | Gained mutation: You are very frail. (-20% HP) [Xom's
                  | mischief]
 18145 | D:9      | Lost mutation: You are very frail. (-20% HP) [Xom's
                  | mischief]
 18205 | D:9      | XOM: torment (24/45 hp)
 18524 | D:9      | XOM: blink monster(s)
 18551 | D:9      | XOM: noise
 18563 | D:9      | Reached skill level 5 in Evocations
 18580 | D:9      | XOM: enchant monster (bad)
 18582 | D:9      | XOM: summons friendly crimson imp
 18584 | D:9      | XOM: 1-stop teleportation journey
 18691 | D:9      | XOM: confuse monster(s)
 18843 | D:8      | XOM: give mutations
 18843 | D:8      | Lost mutation: You are frail. (-10% HP) [Xom's mischief]
 18843 | D:8      | Gained mutation: You sometimes lose the ability to read
                  | scrolls when taking damage. [Xom's mischief]
 18843 | D:8      | Gained mutation: Armour fits poorly on your strangely
                  | shaped body. [Xom's mischief]
 18843 | D:8      | Gained mutation: You are very dopey. (Int -4) [Xom's
                  | mischief]
 18880 | D:8      | XOM: give mutations
 18880 | D:8      | Gained mutation: Your muscles are strong. (Str +2) [Xom's
                  | mischief]
 18880 | D:8      | Lost mutation: Your body sometimes deteriorates upon taking
                  | damage. [Xom's mischief]
 18880 | D:8      | Gained mutation: Your magical capacity is low. (-10% MP)
                  | [Xom's mischief]
 19074 | D:9      | XOM: 4-stop teleportation journey
 19140 | D:9      | XOM: torment (7/50 hp)
 19422 | D:9      | XOM: enchant monster (bad)
 19434 | D:9      | Reached XP level 11. HP: 26/54 MP: 15/19
 19637 | D:9      | XOM: polymorph orc wizard -> scorpion
 19656 | D:9      | Learned a level 4 spell: Summon Lightning Spire
 19833 | D:9      | Found a blossoming altar of Fedhas.
 19915 | D:9      | XOM: give mutations
 19915 | D:9      | Gained mutation: You occasionally shout uncontrollably at
                  | your foes. [Xom's mischief]
 19915 | D:9      | Gained mutation: You are frail. (-10% HP) [Xom's mischief]
 20083 | D:9      | XOM: swap monsters
 20199 | D:10     | Entered Level 10 of the Dungeon
 20278 | D:10     | Reached skill level 1 in Summonings
 20538 | D:10     | Found a staircase to the Lair.
 20655 | D:10     | XOM: 3-stop teleportation journey
 20757 | D:10     | XOM: blink monster(s)
 20761 | D:10     | XOM: butterfly on damage
 20763 | D:10     | Mangled by a red devil

Illustrated notes

Levels and vault maps discovered:
D:1:      minmay_arrival_checkered_box, layout_loops_ring,
          hellmonk_ecumenical_altar_arch_garden
D:2:      layout_basic, uniq_crazy_yiuf_cottage
D:3:      layout_loops_corners, nicolae_qazlal_general_emergency, uniq_grinder,
          uniq_jessica, uniq_sigmund
D:4:      minmay_door_path, layout_gridville, old_standard_altar,
          amethyst_overflow_temple_binary, mainiacjoe_overflow_surrounded_room,
          serial_shops, shop_coins
D:5:      layout_cave_pools, skrybe_limestone_x
D:6:      layout_gridville, minmay_temple_entry_glass, minmay_tree_intersection,
          kennysheep_generic_room_11, uniq_pikel
D:7:      layout_cave_pods, minmay_quadrilaterals, uniq_menkaure
D:8:      layout_rooms, nicolae_ru_awakened_eye, enter_ossuary_2,
          chequers_garden, minmay_nine_imps
D:9:      layout_long_grid, fedhas_altar_4, mainiacjoe_overflow_cross_hatched,
          tso_metal_star, lightli_bailey_entry_fortress
D:10:     layout_stronghold, erik_lair_island, david_orc_1_choice, st_stairs_13,
          minmay_misc_feat_four_crosses, nicolae_shop_fire_sale
          [nicolae_sub_dead_trees], uniq_nergalle

Skill      XL: |  1  2  3  4  5  6  7  8  9 10 11 |
---------------+----------------------------------+-----
Conjurations   | 2 3 4 5 6 7 8 |  8.7
Dodging        | 3 4 5 6 7 |  7.6
Stealth        | 3 4 5 6 7 |  7.6
Air Magic      | 5 6 7 8 9 |  9.6
Spellcasting   | 3 4 5 6 |  6.4
Staves         | 1 |  1.9
Evocations     | 2 3 5 |  5.5
Armour         | 2 3 |  3.0
Poison Magic   | 1 3 4 |  4.1
Summonings     | 1 |  1.4
Fighting       | |  0.3

Action                   |  1- 3 |  4- 6 |  7- 9 | 10-12 || total
-------------------------+-------+-------+-------+-------++-------
Melee: Unarmed           |     4 |       |       |       ||     4
       Kick              |     5 |     3 |    46 |    37 ||    91
       Peck              |     3 |     1 |    25 |    26 ||    55
       Short sword       |    23 |    28 |    22 |       ||    73
       Headbutt          |       |     2 |    30 |    13 ||    45
       Staff             |       |       |   117 |   157 ||   274
Throw: Dart              |       |       |       |     3 ||     3
 Cast: Shock             |    66 |    90 |   227 |   156 ||   539
       Static Discharge  |       |     4 |    44 |    80 ||   128
       Airstrike         |       |       |       |    14 ||    14
Evoke: Wand              |       |     2 |     4 |     8 ||    14
  Use: Scroll            |     2 |     6 |    14 |    13 ||    35
       Potion            |       |     3 |       |     7 ||    10
 Stab: Sleeping          |       |     4 |     2 |       ||     6
       Distracted        |       |       |     2 |       ||     2
       Invisible         |       |       |       |     4 ||     4
Armor: Robe              |     6 |    31 |    30 |       ||    67
       Leather armour    |       |       |    33 |    95 ||   128
Dodge: Dodged            |    20 |    65 |   203 |   283 ||   571

Table legend: (Time is in decaauts)
 A = Elapsed time spent in this place.
 B = Non-inter-level travel time spent in this place.
 C = Inter-level travel time spent in this place.
 D = Time resting spent in this place.
 E = Time spent auto-exploring this place.
 F = Levels seen in this place.
 G = Mean time per level.
                   A        B        C        D        E       F      G
               +--------+--------+--------+--------+--------+-----+--------+
         Total |  20167 |  19694 |    473 |  10384 |   6068 |  12 | 1680.6 |
       Dungeon |  18327 |  17854 |    473 |   9211 |   5977 |  10 | 1832.7 |
       Ossuary |    891 |    891 |      0 |    546 |     90 |   1 |  891.0 |
        Bailey |    948 |    948 |      0 |    627 |      0 |   1 |  948.0 |
               +--------+--------+--------+--------+--------+-----+--------+

Top non-repeatable levels by time:
     D:1: 2799 daAuts
     D:7: 2582 daAuts
     D:8: 2217 daAuts
     D:9: 2028 daAuts
     D:6: 1978 daAuts
     D:3: 1931 daAuts
     D:2: 1794 daAuts
     D:4: 1399 daAuts
     D:5: 1045 daAuts
  Bailey: 948 daAuts
 Ossuary: 891 daAuts
    D:10: 550 daAuts
